Map: Frozen Temple

Players

RoublarD

  • Race: Terran Terran

Gracz

  • Race: Terran Terran
  • League: Bronze

Quentom

  • Race: Terran Terran
  • League: Silver

HAJPER

  • Race: Terran Terran

VOD

Have the link to the VOD?

Description

Time

  • Played on: Sept. 17, 2016, 5:27 p.m.
  • Length: 9:38
Show
View Real Time Build Order
Export as new Build Order

RoublarD Terran 

Build Orders: Reaper Expand, MMM Bio 

Get SALT Encoding   

  12  0:01  SCV  
  13  0:13  SCV  
  14  0:18  Supply Depot  
  14  0:25  SCV  
  15  0:39  SCV  
  16  0:42  Barracks  
  16  0:47  Refinery  
  16  0:52  SCV  
  17  1:04  SCV  
  18  1:16  SCV  
  19  1:31  Reaper  
  21  1:37  Orbital Command  
  20  1:49  Command Center  
  20  1:57  Refinery  
  20  2:02  SCV  
  21  2:12  Barracks Reactor  
  21  2:14  SCV  
  22  2:26  SCV  
  22  2:28  Barracks  
  23  2:32  Factory  
  23  2:41  SCV  
  23  2:52  Supply Depot  
  23  2:56  Supply Depot  
  23  3:00  SCV  
  23  3:01  Orbital Command  
  23  3:04  Marine  
  25  3:06  Marine  
  26  3:12  SCV  
  26  3:16  Widow Mine  
  29  3:21  Barracks Tech Lab  
  29  3:25  Marine x2  
  31  3:32  SCV  
  31  3:33  SCV  
  33  3:38  Bunker  
  33  3:43  Marine  
  33  3:44  SCV  
  33  3:46  Stimpack  
  35  3:50  SCV  
  36  3:56  SCV  
  36  4:01  Engineering Bay  
  37  4:03  SCV  
  37  4:08  Marine x2  
  40  4:10  Factory Tech Lab  
  40  4:14  Starport, SCV  
  41  4:17  SCV  
  42  4:26  Marine, SCV  
  42  4:28  Missile Turret  
  42  4:29  SCV  
  45  4:32  Missile Turret  
  45  4:35  Siege Tank  
  48  4:38  SCV  
  48  4:42  Refinery  
  48  4:43  Marine, Terran Infantry Weapons Level 1  
  50  4:48  Marauder  
  50  4:50  Marine  
  53  4:53  Starport Reactor  
  53  4:57  Barracks  
  53  4:58  SCV  
  54  5:14  Supply Depot x2  
  54  5:18  Supply Depot  
  54  5:23  Supply Depot, SCV  
  54  5:36  Medivac, Command Center, SCV x2  
  54  5:37  Medivac  
  54  5:39  Widow Mine  
  62  5:44  Refinery  
  62  5:48  SCV x2  
  62  5:49  Marauder  
  66  5:50  Barracks Reactor  
  66  5:54  Marine x2  
  68  6:00  SCV x2  
  68  6:01  Engineering Bay  
  70  6:06  Supply Depot  
  70  6:08  Medivac  
  72  6:12  SCV  
  72  6:17  Marine x2  
  61  6:49  Marine x2  
  61  6:52  Siege Tank  
  68  6:54  Marine x2, Marauder  
  68  6:57  Orbital Command  
  68  7:00  Supply Depot  
  70  7:01  Medivac x2  
  70  7:05  Combat Shields  
  70  7:06  Marine  
  70  7:07  Marine  
  76  7:12  Marine x2  
  76  7:13  Terran Infantry Armor Level 1  
  80  7:16  SCV, Marauder  
  80  7:18  Orbital Command  
  81  7:23  Supply Depot  
  81  7:24  Marine x2, Siege Tank  
  81  7:27  Barracks  
  81  7:28  SCV  
  87  7:30  Marine x2  
  87  7:32  SCV  
  92  7:37  Marauder  
  92  7:40  SCV  
  92  7:43  Marine x2  
  92  7:44  SCV  
  92  7:48  Marine  
  92  7:49  Medivac  
  92  7:51  Supply Depot  
  92  7:52  SCV  
  92  7:56  SCV, Siege Tank  
  92  7:57  SCV  
  98  8:01  Marine x2  
  100  8:08  SCV  
  100  8:09  SCV  
  100  8:10  Marine x3  
  105  8:13  Supply Depot  
  105  8:16  Engineering Bay  
  105  8:19  Marine x2  
  107  8:28  Marine x3, SCV  
  107  8:31  Barracks Reactor  
  110  8:36  Barracks  
  110  8:37  Marine x2  
  110  8:40  SCV  
  113  8:43  Engineering Bay  
  113  8:45  Marine  
  113  8:46  Marine x2  
  116  8:54  Marine x2  
Show
View Real Time Build Order
Export as new Build Order

Gracz Terran 

Build Orders:  

Get SALT Encoding   

  12  0:01  SCV  
  13  0:17  Supply Depot  
  13  0:20  SCV  
  14  0:41  Barracks  
  14  0:46  SCV  
  14  0:48  Refinery  
  15  0:58  SCV  
  16  1:28  Marine  
  17  1:33  Barracks  
  17  1:36  Barracks  
  17  1:40  Orbital Command  
  17  1:51  Barracks Tech Lab  
  17  2:13  SCV  
  18  2:25  SCV  
  18  2:28  Marauder  
  21  2:38  Barracks Reactor, SCV  
  22  2:50  SCV  
  23  2:55  Refinery  
  23  2:57  Command Center  
  23  3:01  Bunker  
  23  3:28  Stimpack  
  23  3:38  SCV, Marauder  
  25  3:42  Supply Depot  
  25  3:59  Barracks Tech Lab  
  25  4:00  Marine x2  
  27  4:06  Marauder  
  29  4:18  Marine x2  
  29  4:22  Bunker, Marauder  
  33  4:27  Marauder  
  35  4:35  Marine  
  35  4:36  Marine  
  37  4:44  Marauder  
  39  4:52  Marine  
  40  4:53  Marine x2  
  40  4:58  SCV  
  43  5:05  Marauder  
  45  5:10  Marine  
  45  5:11  Marine x2  
  46  5:26  SCV  
  46  5:27  Marine, Marauder  
  50  5:29  Marine x2  
  52  5:38  SCV  
  53  5:45  Factory  
  53  5:47  Marine  
  54  5:52  Supply Depot  
  54  6:14  Marauder x2  
  58  6:18  Supply Depot  
  58  6:23  Marine x2  
  46  6:35  Marauder x2  
  46  6:40  Factory, Marine  
  46  6:41  Marine  
  37  6:56  Marine x2  
  37  6:57  Factory Tech Lab  
  37  6:58  Marine x2  
  37  7:01  Orbital Command  
  41  7:14  Marine  
  42  7:20  Marine x2  
  42  7:21  Marine  
  45  7:25  Factory Tech Lab  
  45  7:28  SCV x2  
  47  7:31  Marine  
  48  7:37  Starport  
  48  7:38  Marine x3  
  48  7:40  SCV  
  49  7:49  Marine  
  48  7:56  Marine x2  
  48  7:57  Marauder  
  50  8:08  Marauder  
  52  8:14  Marine x2  
  52  8:16  Siege Tank  
  57  8:22  Siege Tank  
  60  8:41  Marine x3  
  61  8:42  Marauder  
  61  8:45  Concussive Shells  
  65  8:59  Marine x2  
  65  9:00  Marauder  
  69  9:07  Marauder  
  47  9:10  Supply Depot  
Show
View Real Time Build Order
Export as new Build Order

Quentom Terran 

Build Orders:  

Get SALT Encoding   

Show
View Real Time Build Order
Export as new Build Order

HAJPER Terran 

Build Orders:  

Get SALT Encoding   

Tags
 
Add a new tag
Caveats
  • Supply blocks, unpowered buildings, or Contaminate may cause inaccurate times.
  • Supply counts are checked every 10 seconds.